 Dungeon Crawl Stone Soup version 0.22-a0-252-gcace5d2 (webtiles) character file.

114652 Firecrotchwizard the Whirler (level 17, -10/127 HPs)
             Began as a Halfling Hunter on Mar 1, 2018.
             Was an Elder of Okawaru.
             Mangled by a brown very ugly thing (15 damage)
             ... on level 1 of the Swamp.
             The game lasted 01:46:05 (27750 turns).

Firecrotchwizard the Whirler (Halfling Hunter)     Turns: 27750, Time: 01:46:06

Health: -10/127    AC: 15    Str: 18    XL:     17   Next: 21%
Magic:  24/24      EV: 19    Int: 10    God:    Okawaru [****..]
Gold:   2262       SH:  7    Dex: 21    Spells: 16/16 levels left

rFire    + . .     SeeInvis +   b - +1 short sword (elec)
rCold    . . .     Gourm    .   c - +0 buckler {rPois}
rNeg     + . .     Faith    .   D - +2 chain mail of Fenloq {rC- MR+ Slay+3 SInv}
rPois    +         Spirit   .   S - +2 hat
rElec    +         Reflect  .   (no cloak)
rCorr    .         Harm     .   q - +2 pair of gloves
MR       ++...                  m - +2 pair of boots
Stlth    ..........             x - amulet of regeneration {@e1+regen, !d}
HPRegen  0.71/turn              K - ring "Rubrimeutu" {+Blink rElec rN+ Int+5}
MPRegen  0.19/turn              Z - ring "Iklysmin" {rElec rF+ rC+ Int-4 Dex+4}

@: corroded
A: small, mutation resistance 1
a: Heroism, Renounce Religion, Evoke Blink


You were on level 1 of the Swamp.
You worshipped Okawaru.
Okawaru was greatly pleased with you.
You were hungry.

You visited 5 branches of the dungeon, and saw 25 of its levels.
You also visited: Ossuary.

You collected 2615 gold pieces.
You spent 353 gold pieces at shops.

Inventory:

Hand Weapons
 a - the +0 hunting sling of Shrieking Terror {velocity, rPois rC- Int+3 Dex+3}
   (Okawaru gifted it to you on level 10 of the Dungeon)

   Any stone fired from it inflicts extra damage.
   It affects your intelligence (+3).
   It affects your dexterity (+3).
   It makes you vulnerable to cold.
   It protects you from poison.
 b - a +1 short sword of electrocution (weapon)
   (You took it off an orc on level 10 of the Dungeon)
Missiles
 d - 180 sling bullets
 z - 134 stones (quivered)
 W - a throwing net {=f, !d}
Armour
 c - a +0 buckler of poison resistance (worn)
   (Okawaru gifted it to you on level 2 of the Orcish Mines)
 m - a +2 pair of boots (worn)
   (You found it on level 2 of the Dungeon)
 q - a +2 pair of gloves (worn)
   (You found it on level 5 of the Dungeon)
 D - the +2 chain mail of Fenloq (worn) {rC- MR+ Slay+3 SInv}
   (You found it on level 11 of the Dungeon)

   It affects your accuracy and damage with ranged weapons and melee attacks
   (+3).
   It makes you vulnerable to cold.
   It affects your resistance to hostile enchantments.
   It lets you see invisible.
 I - a +2 cloak
   (You found it on level 6 of the Dungeon)
 M - a scarf of resistance
   (You found it on level 12 of the Dungeon)
 S - a +2 hat (worn)
   (You took it off Gastronok on level 1 of the Lair of Beasts)
Jewellery
 i - an uncursed amulet of guardian spirit {unknown}
   (You found it on level 1 of the Swamp)
 o - an uncursed ring of resist corrosion
   (You found it on level 11 of the Dungeon)
 w - an uncursed ring of flight {+Fly, !d}
   (You found it on level 4 of the Lair of Beasts)
 x - an amulet of regeneration (around neck) {@e1+regen, !d}
   (You found it on level 2 of the Dungeon)
 B - an uncursed ring of protection from fire {rF+, !d}
   (You took it off an orc on level 3 of the Dungeon)
 K - the ring "Rubrimeutu" (left hand) {+Blink rElec rN+ Int+5}
   (You found it in an ossuary)

   [ring of positive energy]

   It affects your intelligence (+5).
   It insulates you from electricity.
   It protects you from negative energy.
   It lets you blink.
 L - an uncursed ring of protection from cold {rC+, !d}
   (You found it in an ossuary)
 N - a +6 ring of dexterity {unknown}
   (You found it on level 1 of the Swamp)
 O - the ring of Lozaf {MR+ Dex+4}
   (You found it on level 9 of the Dungeon)

   [ring of protection from magic]

   It affects your dexterity (+4).
   It affects your resistance to hostile enchantments.
 U - an uncursed ring of ice {rC+, rF-}
   (You took it off Fannar on level 1 of the Orcish Mines)
 V - the amulet "Jifesen" {+Rage rC+}
   (You took it off an orc priest on level 9 of the Dungeon)

   [amulet of rage]

   It protects you from cold.
   It lets you go berserk.
 Z - the ring "Iklysmin" (right hand) {rElec rF+ rC+ Int-4 Dex+4}
   (You took it off a centaur warrior on level 9 of the Dungeon)

   [ring of protection from cold]

   It affects your intelligence (-4).
   It affects your dexterity (+4).
   It protects you from fire.
   It protects you from cold.
   It insulates you from electricity.
Wands
 y - a wand of disintegration (33) {@e1}
   (You found it on level 11 of the Dungeon)
 R - a wand of clouds (3)
   (You found it on level 5 of the Lair of Beasts)
 Y - a wand of digging (18)
   (You found it on level 1 of the Lair of Beasts)
Scrolls
 e - 9 scrolls of teleportation
 g - 6 scrolls of fear
 h - 2 scrolls of fog
 k - 5 scrolls of magic mapping {!r}
 n - a scroll of brand weapon
 r - 9 scrolls of remove curse
 t - 6 scrolls of enchant weapon
 v - 3 scrolls of blinking {!r}
 A - 4 scrolls of identify
 G - 2 scrolls of silence
Potions
 j - 5 potions of heal wounds
 l - 4 potions of haste
 p - 5 potions of mutation {!q}
 s - 7 potions of curing
 u - 8 potions of flight
 C - 7 potions of berserk rage {!q}
 E - 2 potions of invisibility
 F - 2 potions of agility {unknown}
 H - a potion of brilliance {unknown}
 J - 3 potions of ambrosia
 P - 4 potions of might {unknown}
 Q - 3 potions of lignification {!q}
 T - 2 potions of magic {unknown}
Miscellaneous
 X - a fan of gales
   (You found it on level 14 of the Dungeon)
Comestibles
 f - 35 rations {@e1}


   Skills:
 - Level 15.3 Fighting
 - Level 18.5 Slings
 - Level 13.0 Armour
 - Level 13.3 Dodging
 - Level 1.1 Stealth
 + Level 4.1 Shields
 - Level 10.0 Invocations
 + Level 3.2 Evocations


You had 16 spell levels left.
You didn't know any spells.

Dungeon Overview and Level Annotations

Branches:
Dungeon (15/15)            Temple (1/1) D:6            Lair (6/6) D:9
  Swamp (1/4) Lair:3        Snake (0/4) Lair:3        Slime (0/5) Lair:5
    Orc (2/2) D:12            Elf (0/3) Orc:2        Vaults (0/5) D:14
 Depths (0/5) D:15

Altars:
Ashenzari
Cheibriados
Dithmenos
Elyvilon
Fedhas
Gozag
Hepliaklqana
Kikubaaqudgha
Makhleb
Nemelex Xobeh
Okawaru
Qazlal
Ru
Sif Muna
Uskayaw
Vehumet
Wu Jian
Xom
Yredelemnul
Zin
The Shining One
Jiyva

Shops:
D:6 *   D:15 (   Orc:2 ?%*?

Annotations:
D:3 1 runed door
D:7 exclusion: moth of wrath
Lair:4 Sonja


Innate Abilities, Weirdness & Mutations

You are small and have problems with some larger weapons.
You are somewhat resistant to further mutation.


Message History

Moving in this stuff is going to be slow.
You enter the shallow water.
Moving in this stuff is going to be slow.
You see here 18 arrows.
You are feeling hungry.
Health restored: 127 Your +1 short sword of electrocution stops crackling.
a - the +0 hunting sling of Shrieking Terror (weapon)
{velocity, rPois rC- Int+3 Dex+3} You may need something to eat soon, looking for food.
Can't find anything matching that.
Okay, then.
You enter the shallow water.
Moving in this stuff is going to be slow.
You enter the shallow water.
Moving in this stuff is going to be slow.
A brown very ugly thing comes into view.
The brown very ugly thing gurgles horribly!
The brown very ugly thing headbutts you but does no damage.
You hear the crackle of electricity.
b - a +1 short sword of electrocution (weapon)
You closely miss the brown very ugly thing.
The brown very ugly thing headbutts you!
You are splashed with acid!
The acid burns!
You take 19 damage, and have 108/127 hp.
You puncture the brown very ugly thing!
The brown very ugly thing headbutts you.
You are splashed with acid!
The acid burns!
You take 6 damage, and have 102/127 hp.
You barely miss the brown very ugly thing.
The brown very ugly thing headbutts you.
You are splashed with acid!
The acid burns!
You take 9 damage, and have 93/127 hp.
You hit the brown very ugly thing.
The brown very ugly thing closely misses you.
You hit the brown very ugly thing.
The brown very ugly thing closely misses you.
The brown very ugly thing completely misses you.
You barely miss the brown very ugly thing.
The brown very ugly thing headbutts you but does no damage.
You closely miss the brown very ugly thing.
The brown very ugly thing completely misses you.
You hit the brown very ugly thing.
You block the brown very ugly thing's attack.
You hit the brown very ugly thing.
The brown very ugly thing headbutts you!
The acid corrodes you!
You are splashed with acid!
The acid burns!
You take 20 damage, and have 77/127 hp.
You hit the brown very ugly thing but do no damage.
Lightning courses through the brown very ugly thing!
You block the brown very ugly thing's attack.
You hit the brown very ugly thing but do no damage.
Lightning courses through the brown very ugly thing!
The brown very ugly thing closely misses you.
You hit the brown very ugly thing.
You block the brown very ugly thing's attack.
You hit the brown very ugly thing.
Lightning courses through the brown very ugly thing!
You block the brown very ugly thing's attack.
You hit the brown very ugly thing but do no damage.
You block the brown very ugly thing's attack.
The brown very ugly thing completely misses you.
You hit the brown very ugly thing.
The brown very ugly thing headbutts you.
You are splashed with acid!
The acid burns!
You take 12 damage, and have 69/127 hp.
You closely miss the brown very ugly thing.
The brown very ugly thing closely misses you.
You completely miss the brown very ugly thing.
The brown very ugly thing headbutts you!
The acid corrodes you!
You are splashed with acid!
The acid burns!
You take 15 damage, and have 54/127 hp.
You hit the brown very ugly thing.
The brown very ugly thing headbutts you.
The acid corrodes you!
You are splashed with acid!
The acid burns!
You take 9 damage, and have 45/127 hp.
You hit the brown very ugly thing.
The brown very ugly thing headbutts you.
You are splashed with acid!
The acid burns!
* * * LOW HITPOINT WARNING * * *
You take 12 damage, and have 33/127 hp.
You hit the brown very ugly thing.
The brown very ugly thing headbutts you but does no damage.
You closely miss the brown very ugly thing.
The brown very ugly thing headbutts you!
* * * LOW HITPOINT WARNING * * *
You are splashed with acid!
The acid burns!
* * * LOW HITPOINT WARNING * * *
You take 22 damage, and have 12/127 hp.
You hit the brown very ugly thing but do no damage.
Lightning courses through the brown very ugly thing!
The brown very ugly thing headbutts you.
* * * LOW HITPOINT WARNING * * *
You are splashed with acid!
The acid burns!
* * * LOW HITPOINT WARNING * * *
You take 8 damage, and have 4/127 hp.
You hit the brown very ugly thing but do no damage.
Lightning courses through the brown very ugly thing!
You block the brown very ugly thing's attack.
The brown very ugly thing headbutts you!
You die...

♣♣.≈≈♣ ♣♣.≈≈..≈.♣ ♣.....≈≈.♣♣
♣♣..≈♣♣♣♣..≈.≈≈≈.♣ ♣♣.≈≈≈≈.≈≈.♣
♣♣♣..≈♣♣..♣≈≈≈≈≈.♣♣♣..≈≈≈.§≈≈♣♣
♣ ♣.≈.♣♣...≈≈≈≈≈.≈♣♣.≈≈≈..≈≈≈♣
♣ ♣.≈.♣..≈.≈.≈≈≈≈..♣.≈......♣♣
♣♣♣.....♣≈.♣.≈≈≈≈≈.....♣...♣♣
.♣♣♣.♣≈..♣♣♣≈..≈♣≈≈≈≈.♣♣♣.♣♣ ♣♣
♣.≈≈†≈♣ ♣.≈...≈♣≈..♣ ♣.♣ ≈♣
♣♣.≈.♣♣♣.≈≈.♣@..≈≈♣♣ ♣.♣♣ ♣♣
♣..♣♣ ♣♣≈≈.♣u♣..♣♣ ♣♣.(♣ ♣ ♣♣.♣
♣..♣♣≈♣♣≈♣ ♣...♣ ♣♣ ♣..♣ ...♣≈♣
♣♣..♣ .♣ ♣≈.♣ ♣♣≈♣♣.♣ ♣♣.♣ ♣♣
♣♣♣♣ ♣.♣♣♣♣ ♣♣♣ ♣ ♣♣♣


You could see a brown very ugly thing.

Vanquished Creatures
  Gastronok (Lair:1)
  A thorn hunter (Swamp:1)
  An orc warlord (Orc:2)
  Snorg (D:14)
  An ettin (D:15)
  Harold (Orc:1)
  Fannar (Orc:1)
  Erica (Orc:1)
  11 hydras
  2 vault guards (D:14)
  4 centaur warriors
  7 two-headed ogres
  9 death yaks
  2 ogre magi
  2 alligators (Swamp:1)
  2 tengu warriors
  A hell knight (D:15)
  5 wizards (D:14)
  An unseen horror (D:10)
  A swamp dragon (Swamp:1)
  4 orc knights
  A deep elf mage (D:13)
  3 orc sorcerers
  2 manticores
  An oklob plant (Lair:4)
  The ghost of Bargorn the Slinger, a novice HaHu of Nemelex Xobeh (D:5)
  11 ugly things
  4 elephants (Lair:3)
  3 black mambas
  A cyclops (D:12)
  Joseph (D:10)
  3 gargoyles
  31 spiny frogs
  3 kobold demonologists
  4 centaur skeletons
  A rime drake (Lair:3)
  10 komodo dragons
  A harpy zombie (D:15)
  A tengu conjurer (D:15)
  4 tyrant leeches (Lair:6)
  A wind drake (shapeshifter) (D:14)
  5 polar bears
  11 trolls
  A bog body (Swamp:1)
  A dream sheep (shapeshifter) (D:14)
  5 dream sheep (Lair:6)
  45 blink frogs
  12 hippogriffs
  A spriggan (D:7)
  52 yaks
  2 shadows
  A spriggan (shapeshifter) (D:13)
  3 wyverns
  A wraith (D:12)
  19 humans (D:14)
  3 basilisks
  A steam dragon (D:10)
  14 vampire mosquitoes
  A hungry ghost (D:14)
  3 nagas (Lair:3)
  2 wargs
  2 swamp worms (Swamp:1)
  2 acid dragons (D:15)
  2 insubstantial wisps (D:10)
  10 water moccasins
  10 porcupines
  2 swamp drakes (Swamp:1)
  3 ice beasts
  45 orc warriors
  9 sky beasts
  An eye of draining (D:12)
  2 necrophages
  A boggart (D:9)
  3 black bears
  6 phantoms
  10 ogres
  16 centaurs
  18 crocodiles
  Blork the orc (D:6)
  5 big kobolds
  30 bullfrogs
  2 wyvern zombies
  10 scorpions
  A water moccasin skeleton (D:9)
  2 wyvern skeletons (D:11)
  11 killer bees
  5 wights
  3 howler monkeys
  8 electric eels
  3 crimson imps
  A wyvern simulacrum (D:15)
  A bullfrog zombie (D:9)
  3 quasits
  4 centaur zombies
  2 bullfrog skeletons
  3 hounds
  3 human zombies (Ossuary)
  4 jellies
  23 orc wizards
  9 orc priests
  2 hell rats (D:9)
  4 iguanas
  14 worker ants
  A killer bee zombie (D:5)
  2 big kobold zombies (Ossuary)
  A hound zombie (D:11)
  A hound skeleton (D:9)
  3 mummies (Ossuary)
  20 adders
  5 scorpion zombies (Ossuary)
  A river rat (D:9)
  3 shadow imps
  An adder skeleton (D:9)
  2 worms
  13 dart slugs
  5 leopard geckos
  101 orcs
  4 bats (D:1)
  4 giant cockroaches
  2 gnoll zombies (Ossuary)
  A goblin (D:1)
  4 hobgoblins
  19 jackals
  34 kobolds
  7 quokkas
  A ball python (D:3)
  2 frilled lizards
  A goblin zombie (Ossuary)
  2 hobgoblin zombies (Ossuary)
  A jackal skeleton (D:6)
  A kobold zombie (Ossuary)
  A leopard gecko skeleton (D:4)
  A leopard gecko zombie (D:6)
  3 orc zombies (Ossuary)
  A quokka skeleton (D:6)
  13 rats
  5 fungi
  3 plants (Lair:6)
894 creatures vanquished.

Vanquished Creatures (collateral kills)
  5 dream sheep (Lair:4)
5 creatures vanquished.

Vanquished Creatures (others)
  A scorpion (Ossuary)
  An orc (Orc:2)
  An orc zombie (Ossuary)
  19 fungi
  63 plants
  6 toadstools (Swamp:1)
91 creatures vanquished.

Grand Total: 990 creatures vanquished

Notes
Turn   | Place    | Note
-------+----------+-------------------------------------------
     0 | D:1      | Firecrotchwizard the Halfling Hunter began the quest for the Orb.
     0 | D:1      | Reached XP level 1. HP: 14/14 MP: 1/1
    54 | D:1      | Reached skill level 6 in Slings
    56 | D:1      | HP: 1/14 [kobold (3)]
    59 | D:1      | Reached XP level 2. HP: 1/19 MP: 2/2
    63 | D:1      | Reached skill level 2 in Fighting
   447 | D:1      | Reached XP level 3. HP: 24/24 MP: 3/3
   946 | D:2      | Found a faded altar of an unknown god.
   967 | D:2      | Reached skill level 7 in Slings
   972 | D:2      | HP: 6/25 [poisoned by an adder]
   980 | D:2      | HP: 5/25 [poisoned by an adder]
  1343 | D:2      | Reached XP level 4. HP: 30/30 MP: 4/4
  1348 | D:2      | Found an ornate altar of the Wu Jian Council.
  1914 | D:3      | Reached skill level 8 in Slings
  1914 | D:3      | Reached XP level 5. HP: 36/36 MP: 5/5
  1918 | D:3      | Reached skill level 3 in Fighting
  2031 | D:2      | HP: 8/36 [something/magic dart (3)]
  2036 | D:2      | HP: 6/36 [something (4)]
  2037 | D:2      | HP: 2/36 [something/puff of flame (4)]
  2122 | D:3      | Reached XP level 6. HP: 34/42 MP: 6/6
  2448 | D:3      | Reached skill level 9 in Slings
  2603 | D:3      | Found a runed door.
  2943 | D:4      | Noticed an ogre
  2947 | D:4      | Killed an ogre
  2947 | D:4      | Reached XP level 7. HP: 47/47 MP: 7/7
  2983 | D:4      | Reached skill level 4 in Fighting
  2983 | D:4      | Reached skill level 10 in Slings
  3220 | D:4      | Found a sacrificial altar of Ru.
  3454 | D:4      | Found a shattered altar of Ashenzari.
  3842 | D:5      | Entered Level 5 of the Dungeon
  3842 | D:5      | Noticed Bargorn's ghost (novice HaHu)
  3915 | D:5      | Found a shadowy altar of Dithmenos.
  3991 | D:5      | Reached skill level 11 in Slings
  3991 | D:5      | Reached XP level 8. HP: 32/54 MP: 8/8
  4193 | D:5      | Killed Bargorn's ghost
  4193 | D:5      | Reached skill level 5 in Fighting
  4193 | D:5      | Reached skill level 12 in Slings
  4522 | D:5      | Reached skill level 1 in Armour
  4522 | D:5      | Reached XP level 9. HP: 19/62 MP: 9/9
  4695 | D:6      | Reached skill level 2 in Armour
  4695 | D:6      | Reached skill level 3 in Dodging
  4760 | D:6      | Reached skill level 6 in Fighting
  4807 | D:6      | Found a staircase to the Ecumenical Temple.
  4826 | Temple   | Entered the Ecumenical Temple
  5029 | Temple   | Became a worshipper of Warmaster Okawaru
  5092 | D:6      | Found Ybas's Assorted Antiques.
  5099 | D:6      | Bought a scroll of identify for 58 gold pieces
  5099 | D:6      | Bought a runed gilded ring for 145 gold pieces
  5175 | D:6      | Reached skill level 3 in Armour
  5179 | D:6      | Reached skill level 4 in Dodging
  5475 | D:6      | Noticed Blork the orc
  5497 | D:6      | Killed Blork the orc
  5514 | D:6      | Reached * piety under Okawaru
  5514 | D:6      | Reached skill level 4 in Armour
  5644 | D:6      | Found a glowing silver altar of Zin.
  5718 | D:6      | Reached skill level 5 in Dodging
  5818 | D:6      | Found a deep blue altar of Sif Muna.
  6193 | D:7      | Found a burning altar of Makhleb.
  6324 | D:7      | Found a glowing golden altar of the Shining One.
  6371 | D:7      | Reached skill level 7 in Fighting
  6374 | D:7      | Noticed a hippogriff
  6389 | D:7      | Killed a hippogriff
  6389 | D:7      | Reached skill level 5 in Armour
  6389 | D:7      | Reached XP level 10. HP: 59/71 MP: 10/10
  6522 | D:7      | Reached skill level 6 in Dodging
  6590 | D:7      | Found a sand-covered staircase.
  6595 | Ossuary  | Entered an ossuary
  6649 | Ossuary  | Reached ** piety under Okawaru
  6964 | Ossuary  | Reached skill level 6 in Armour
  7066 | Ossuary  | Got a heavily runed amber ring
  7071 | Ossuary  | Identified the ring "Rubrimeutu" {+Blink rElec rN+ Int+5} (You found it in an ossuary)
  7283 | D:7      | Noticed a moth of wrath
  7372 | D:7      | Reached skill level 7 in Dodging
  7700 | D:8      | Found a snail-covered altar of Cheibriados.
  7757 | D:8      | Reached skill level 8 in Fighting
  8070 | D:8      | Noticed a two-headed ogre
  8084 | D:8      | Killed a two-headed ogre
  8084 | D:8      | Reached *** piety under Okawaru
  8084 | D:8      | Reached skill level 3 in Invocations
  8455 | D:9      | Reached skill level 4 in Invocations
  8606 | D:9      | Reached **** piety under Okawaru
  8606 | D:9      | Reached skill level 7 in Armour
  8606 | D:9      | Reached XP level 11. HP: 51/77 MP: 14/14
  8662 | D:9      | Noticed a two-headed ogre
  8670 | D:9      | Killed a two-headed ogre
  8701 | D:9      | Found a stormy altar of Qazlal.
  8702 | D:9      | Noticed a two-headed ogre
  8712 | D:9      | Killed a two-headed ogre
  8712 | D:9      | Reached skill level 8 in Dodging
  8712 | D:9      | Reached skill level 5 in Invocations
  8856 | D:9      | Noticed a tengu warrior
  8867 | D:9      | Killed a tengu warrior
  8867 | D:9      | Received a gift from Okawaru
  8929 | D:9      | Got a steaming iron amulet
  8938 | D:9      | Identified the amulet "Jifesen" {+Rage rC+} (You took it off an orc priest on level 9 of the Dungeon)
  8945 | D:9      | Reached skill level 8 in Armour
  8950 | D:9      | Noticed a two-headed ogre
  8974 | D:9      | Killed a two-headed ogre
  8974 | D:9      | Reached ***** piety under Okawaru
  8974 | D:9      | Reached skill level 6 in Invocations
  8989 | D:9      | Noticed a manticore
  8994 | D:9      | Received a gift from Okawaru
  8994 | D:9      | Reached skill level 9 in Fighting
  9017 | D:9      | HP: 13/80 [manticore (19)]
  9027 | D:9      | Killed a manticore
  9111 | D:9      | Noticed a centaur warrior
  9143 | D:9      | Killed a centaur warrior
  9157 | D:9      | Noticed a four-headed hydra
  9173 | D:9      | Killed a four-headed hydra
  9173 | D:9      | Received a gift from Okawaru
  9173 | D:9      | Reached skill level 9 in Dodging
  9230 | D:9      | Reached XP level 12. HP: 85/85 MP: 17/17
  9241 | D:9      | Got a pitted amethyst amulet
  9289 | D:9      | Noticed a death yak
  9298 | D:9      | Noticed a death yak
  9311 | D:9      | Noticed a death yak
  9316 | D:9      | Killed a death yak
  9316 | D:9      | Reached skill level 7 in Invocations
  9398 | D:8      | Killed a death yak
  9398 | D:8      | Reached skill level 9 in Armour
  9451 | D:9      | Killed a death yak
  9480 | D:9      | Got a slimy granite ring
  9530 | D:9      | Found a staircase to the Lair.
  9646 | D:9      | Got an ancient brass ring
  9668 | D:9      | Identified the amulet of Yzote {Harm *Contam *Drain rPois MR++ Dex+4} (You took it off a boggart on level 9 of the Dungeon)
  9671 | D:9      | Identified the ring of Lozaf {MR+ Dex+4} (You found it on level 9 of the Dungeon)
  9673 | D:9      | Identified the ring "Iklysmin" {rElec rF+ rC+ Int-4 Dex+4} (You took it off a centaur warrior on level 9 of the Dungeon)
  9712 | D:9      | Noticed a two-headed ogre
  9728 | D:9      | Killed a two-headed ogre
 10166 | D:10     | Entered Level 10 of the Dungeon
 10280 | D:10     | Received a gift from Okawaru
 10280 | D:10     | Reached skill level 10 in Dodging
 10286 | D:10     | Reached skill level 8 in Invocations
 10425 | D:10     | Reached skill level 10 in Fighting
 10515 | D:10     | Killed an unseen horror
 10557 | D:10     | Got an agate-encrusted leather armour
 10558 | D:10     | Identified the cursed +1 leather armour of Gumaupn {rF++ rN+} (You found it on level 10 of the Dungeon)
 10931 | D:10     | Reached skill level 10 in Armour
 11151 | D:10     | Received a gift from Okawaru
 11166 | D:10     | Got a scorched hunting sling {god gift}
 11167 | D:10     | Identified the +0 hunting sling of Shrieking Terror {velocity, rPois rC- Int+3 Dex+3} (Okawaru gifted it to you on level 10 of the Dungeon)
 11227 | D:10     | Reached XP level 13. HP: 92/92 MP: 19/19
 11348 | D:10     | Noticed Joseph
 11367 | D:10     | Killed Joseph
 11737 | Lair:1   | Entered Level 1 of the Lair of Beasts
 11862 | Lair:1   | Reached skill level 9 in Invocations
 12142 | Lair:1   | Reached skill level 11 in Dodging
 12152 | Lair:1   | Noticed Gastronok
 12188 | Lair:1   | Killed Gastronok
 12368 | Lair:1   | Reached skill level 11 in Armour
 12835 | Lair:2   | Received a gift from Okawaru
 13366 | Lair:2   | Reached skill level 11 in Fighting
 13471 | Lair:2   | Reached skill level 10 in Invocations
 13489 | Lair:2   | Received a gift from Okawaru
 14131 | Lair:3   | Found a staircase to the Swamp.
 14617 | Lair:3   | Reached XP level 14. HP: 101/101 MP: 21/21
 14676 | Lair:3   | Reached skill level 12 in Dodging
 14806 | Lair:3   | Found a staircase to the Snake Pit.
 15457 | Lair:4   | Reached skill level 12 in Armour
 15788 | Lair:4   | Noticed Sonja
 15982 | Lair:4   | Received a gift from Okawaru
 16242 | Lair:4   | Reached skill level 12 in Fighting
 16811 | Lair:5   | Received a gift from Okawaru
 16888 | Lair:5   | Found a viscous altar of Jiyva.
 16888 | Lair:5   | Found a staircase to the Slime Pits.
 17285 | Lair:5   | Reached skill level 13 in Dodging
 17543 | Lair:6   | Entered Level 6 of the Lair of Beasts
 17753 | Lair:6   | Received a gift from Okawaru
 17973 | Lair:6   | Received a gift from Okawaru
 17974 | Lair:6   | Got a distressingly furry plate armour {god gift}
 17992 | Lair:6   | Reached skill level 13 in Armour
 18219 | Lair:6   | Reached XP level 15. HP: 109/109 MP: 22/22
 18274 | Lair:6   | Reached skill level 13 in Slings
 18995 | Lair:6   | Reached skill level 13 in Fighting
 19058 | Lair:6   | Reached skill level 14 in Slings
 20137 | Lair:6   | Got a slimy granite ring
 20139 | Lair:6   | Identified the ring of Pieseen {AC+3 Dex+2} (You found it on level 6 of the Lair of Beasts)
 20591 | D:11     | Got a faintly glowing chain mail
 20592 | D:11     | Identified the +2 chain mail of Fenloq {rC- MR+ Slay+3 SInv} (You found it on level 11 of the Dungeon)
 21410 | D:12     | Found a white marble altar of Elyvilon.
 21449 | D:12     | Reached skill level 15 in Slings
 21517 | D:12     | Received a gift from Okawaru
 21531 | D:12     | Found a staircase to the Orcish Mines.
 22279 | D:13     | Received a gift from Okawaru
 22599 | D:13     | Received a gift from Okawaru
 23206 | D:14     | Reached skill level 14 in Fighting
 23239 | D:14     | Received a gift from Okawaru
 23239 | D:14     | Reached skill level 16 in Slings
 23274 | D:14     | Reached XP level 16. HP: 119/119 MP: 23/23
 23394 | D:14     | Noticed Snorg
 23424 | D:14     | Killed Snorg
 23568 | D:14     | Received a gift from Okawaru
 23850 | D:14     | Found a gate to the Vaults.
 23936 | D:14     | Received a gift from Okawaru
 23936 | D:14     | Reached skill level 17 in Slings
 24046 | D:15     | Entered Level 15 of the Dungeon
 24216 | D:15     | Found Marur's Antique Weapon Boutique.
 24466 | D:15     | Found a staircase to the Depths.
 24571 | D:15     | Found an opulent altar of Gozag.
 24876 | Orc:1    | Entered Level 1 of the Orcish Mines
 24876 | Orc:1    | Noticed Erica
 24890 | Orc:1    | Killed Erica
 24904 | Orc:1    | Noticed Fannar
 24922 | Orc:1    | Killed Fannar
 25030 | Orc:1    | Reached skill level 15 in Fighting
 25063 | Orc:1    | Reached skill level 18 in Slings
 25218 | Orc:1    | Noticed Harold
 25231 | Orc:1    | Killed Harold
 25316 | Orc:2    | Entered Level 2 of the Orcish Mines
 25339 | Orc:2    | Received a gift from Okawaru
 25531 | Orc:2    | Received a gift from Okawaru
 25690 | Orc:2    | Received a gift from Okawaru
 25734 | Orc:2    | Found Taocrubb's Food Shop.
 25734 | Orc:2    | Found Ninerhuiz's General Store.
 25737 | Orc:2    | Found Lepu's Magic Scroll Emporium.
 25739 | Orc:2    | Found Wentush's Magic Scroll Boutique.
 25751 | Orc:2    | Bought a scroll of teleportation for 30 gold pieces
 25751 | Orc:2    | Bought a scroll of teleportation for 30 gold pieces
 25751 | Orc:2    | Bought a scroll of teleportation for 30 gold pieces
 25751 | Orc:2    | Bought a scroll of teleportation for 30 gold pieces
 25751 | Orc:2    | Bought a scroll of teleportation for 30 gold pieces
 25965 | Orc:2    | Found a staircase to the Elven Halls.
 26707 | Swamp:1  | Entered Level 1 of the Swamp
 26740 | Swamp:1  | Reached skill level 1 in Shields
 26740 | Swamp:1  | Reached XP level 17. HP: 113/127 MP: 21/24
 26808 | Swamp:1  | Reached skill level 2 in Shields
 26889 | Swamp:1  | Reached skill level 1 in Evocations
 26926 | Swamp:1  | Noticed a thorn hunter
 26968 | Swamp:1  | Killed a thorn hunter
 26968 | Swamp:1  | Reached skill level 3 in Shields
 27098 | Swamp:1  | Reached skill level 2 in Evocations
 27313 | Swamp:1  | HP: 22/127 [alligator[an alligator] (19)]
 27339 | Swamp:1  | HP: 18/127 [bog body/bolt of cold (17)]
 27343 | Swamp:1  | HP: 6/127 [bog body/bolt of cold (15)]
 27561 | Swamp:1  | Reached skill level 3 in Evocations
 27568 | Swamp:1  | Reached skill level 4 in Shields
 27748 | Swamp:1  | HP: 19/127 [brown very ugly thing (15)]
 27749 | Swamp:1  | HP: 4/127 [acid (8)]
 27750 | Swamp:1  | Mangled by a brown very ugly thing

Vault maps used:
D:1:      minmay_arrival_glassed_features
D:2:      old_standard_altar, chequers_ecumenical_altar_island
D:3:      first_ration, uniq_crazy_yiuf_cottage
D:4:      ashenzari_altar_1, nicolae_ru_the_path_less_chosen
D:5:      kennysheep_slugbush, grunt_dithmenos_smoke_and_mirrors
D:6:      lemuel_crystal_altar, nicolae_overflow_crystal_walls,
          minmay_temple_entry_trees, serial_shops,
          nicolae_shop_temple_entry_statues_fountains, uniq_blork_the_orc
D:7:      tgw_trog, grunt_temple_overflow_open, nicolae_ossuary_entry_plus,
          the_bakery, minivault_4
D:8:      cheibriados_altar_1
D:9:      minmay_the_grid_triangle_9x9_recursive_2_mashed, dpeg_lair_monsters,
          basic_altar
D:10:     kennysheep_blocky_room, hangedman_misty_isle, uniq_joseph
D:12:     orc_0_dummy, basic_altar
D:14:     grunt_vaults_entry_tiered, nrook_pool_corridor, uniq_snorg
D:15:     hangedman_depths_entry_civil_slaughter,
          nicolae_gozag_cash_rules_everything_around_me, serial_shops, shop,
          spider_trap, minmay_hedge_maze
Temple:   nicolae_temple_figure_eight
Lair:1:   grunt_megastairs_3, uniq_gastronok
Lair:2:   grunt_megastairs_5
Lair:3:   minmay_swamp_entry_eels, guppyfry_snake_entry_garden, serial_bayou,
          serial_bayou_crossing, serial_bayou_shore_a, serial_bayou_lake_a,
          serial_bayou_ford_a, lemuel_old_faithful
Lair:4:   beast_lair_carwin_11, grunt_megastairs_1, uniq_sonja
Lair:5:   slime_altar_1, cheibrodos_lair_lostbears
Lair:6:   minmay_lair_end_frog_pond, lemuel_fruit_fields
Swamp:1:  cheibrodos_swamp_tower_of_moss, nicolae_swamp_fairy_circle
Orc:1:    uniq_harold, uniq_fannar, uniq_erica
Orc:2:    st_orc_rangers, mines4_lemuel
Ossuary:  ossuary_minmay_scorpions

Skill      XL: |  1  2  3  4  5  6  7  8  9 10 11 12 13 14 15 16 17 |
---------------+----------------------------------------------------+-----
Slings         | 6 7 8 9 11 12 16 18 | 18.5
Fighting       | 2 3 4 5 7 8 9 10 11 12 14 15 | 15.3
Armour         | 1 5 7 8 10 11 13 | 13.0
Dodging        | 5 7 9 10 11 13 | 13.3
Invocations    | 4 6 8 10 | 10.0
Shields        | 1 4 |  4.1
Evocations     | 3 |  3.2
Stealth        | |  1.1

Action                   |  1- 3 |  4- 6 |  7- 9 | 10-12 | 13-15 | 16-18 || total
-------------------------+-------+-------+-------+-------+-------+-------++-------
Melee: Short sword       |    64 |    97 |       |       |    31 |   450 ||   642
       Dagger            |       |    20 |   221 |   433 |   433 |       ||  1107
       Punch             |       |       |       |     2 |     5 |    11 ||    18
 Fire: Hunting sling     |    44 |   130 |   301 |   866 |  2872 |   755 ||  4968
Throw: Stone             |     6 |       |    20 |    40 |    29 |    23 ||   118
Invok: Heroism           |       |       |       |    14 |    36 |    18 ||    68
       Finesse           |       |       |       |     4 |     6 |    12 ||    22
Evoke: Wand              |       |       |       |       |       |     2 ||     2
  Use: Scroll            |       |     3 |    12 |    13 |    13 |     3 ||    44
       Potion            |       |       |       |     2 |     3 |       ||     5
 Stab: Confused          |       |       |       |       |       |     3 ||     3
  Eat: Ration            |     1 |       |     1 |     1 |     3 |     1 ||     7
       Chunk             |       |     3 |     7 |    11 |    24 |    10 ||    55
Armor: Leather armour    |    26 |    41 |       |       |       |       ||    67
       Scale mail        |       |    11 |   133 |   280 |     5 |       ||   429
       Steam dragon scal |       |       |       |       |   182 |       ||   182
       Chain mail        |       |       |       |       |    89 |   234 ||   323
Dodge: Dodged            |    75 |    64 |   217 |   604 |  1621 |   649 ||  3230
Block: Buckler           |       |       |       |       |       |    91 ||    91

Table legend:
 A = Spawn XP
 B = Non-spawn XP
 C = Spawn XP percentage of total XP
 D = Spawn monster count
 E = Non-spawn monster count
 F = Spawn count percentage of total count
 G = Total turns spent on level
                    A         B        C        D         E        F      G
               +---------+---------+-------+---------+---------+-------+---------
         Total |       0 |  163789 |   0.0 |       0 |     892 |   0.0 | 27750
               +---------+---------+-------+---------+---------+-------+---------
           D:1 |       0 |      40 |   0.0 |       0 |      21 |   0.0 |   819
           D:2 |       0 |     124 |   0.0 |       0 |      15 |   0.0 |  1143
           D:3 |       0 |     171 |   0.0 |       0 |      32 |   0.0 |   820
           D:4 |       0 |     459 |   0.0 |       0 |      26 |   0.0 |  1131
           D:5 |       0 |    1229 |   0.0 |       0 |      30 |   0.0 |   766
           D:6 |       0 |    1298 |   0.0 |       0 |      32 |   0.0 |  1262
           D:7 |       0 |    1626 |   0.0 |       0 |      23 |   0.0 |   869
           D:8 |       0 |    2101 |   0.0 |       0 |      15 |   0.0 |   853
           D:9 |       0 |   11831 |   0.0 |       0 |      55 |   0.0 |  1759
          D:10 |       0 |    8151 |   0.0 |       0 |      48 |   0.0 |  1594
          D:11 |       0 |    1946 |   0.0 |       0 |      37 |   0.0 |   782
          D:12 |       0 |    5989 |   0.0 |       0 |      47 |   0.0 |  1116
          D:13 |       0 |    7702 |   0.0 |       0 |      36 |   0.0 |   850
          D:14 |       0 |   19474 |   0.0 |       0 |      60 |   0.0 |   957
          D:15 |       0 |    9860 |   0.0 |       0 |      24 |   0.0 |   762
        Lair:1 |       0 |    7642 |   0.0 |       0 |      27 |   0.0 |  1037
        Lair:2 |       0 |    5135 |   0.0 |       0 |      23 |   0.0 |  1108
        Lair:3 |       0 |    6985 |   0.0 |       0 |      29 |   0.0 |  1471
        Lair:4 |       0 |   11353 |   0.0 |       0 |      30 |   0.0 |  1504
        Lair:5 |       0 |    7799 |   0.0 |       0 |      32 |   0.0 |  1300
        Lair:6 |       0 |   22185 |   0.0 |       0 |      85 |   0.0 |  2239
       Swamp:1 |       0 |   11616 |   0.0 |       0 |      16 |   0.0 |  1043
         Orc:1 |       0 |    7142 |   0.0 |       0 |      27 |   0.0 |   558
         Orc:2 |       0 |   10903 |   0.0 |       0 |      89 |   0.0 |  1145
       Ossuary |       0 |    1028 |   0.0 |       0 |      33 |   0.0 |   621
               +---------+---------+-------+---------+---------+-------+---------

Vault maps used:
D:1:      minmay_arrival_glassed_features
D:2:      old_standard_altar, chequers_ecumenical_altar_island
D:3:      first_ration, uniq_crazy_yiuf_cottage
D:4:      ashenzari_altar_1, nicolae_ru_the_path_less_chosen
D:5:      kennysheep_slugbush, grunt_dithmenos_smoke_and_mirrors
D:6:      lemuel_crystal_altar, nicolae_overflow_crystal_walls,
          minmay_temple_entry_trees, serial_shops,
          nicolae_shop_temple_entry_statues_fountains, uniq_blork_the_orc
D:7:      tgw_trog, grunt_temple_overflow_open, nicolae_ossuary_entry_plus,
          the_bakery, minivault_4
D:8:      cheibriados_altar_1
D:9:      minmay_the_grid_triangle_9x9_recursive_2_mashed, dpeg_lair_monsters,
          basic_altar
D:10:     kennysheep_blocky_room, hangedman_misty_isle, uniq_joseph
D:12:     orc_0_dummy, basic_altar
D:14:     grunt_vaults_entry_tiered, nrook_pool_corridor, uniq_snorg
D:15:     hangedman_depths_entry_civil_slaughter,
          nicolae_gozag_cash_rules_everything_around_me, serial_shops, shop,
          spider_trap, minmay_hedge_maze
Temple:   nicolae_temple_figure_eight
Lair:1:   grunt_megastairs_3, uniq_gastronok
Lair:2:   grunt_megastairs_5
Lair:3:   minmay_swamp_entry_eels, guppyfry_snake_entry_garden, serial_bayou,
          serial_bayou_crossing, serial_bayou_shore_a, serial_bayou_lake_a,
          serial_bayou_ford_a, lemuel_old_faithful
Lair:4:   beast_lair_carwin_11, grunt_megastairs_1, uniq_sonja
Lair:5:   slime_altar_1, cheibrodos_lair_lostbears
Lair:6:   minmay_lair_end_frog_pond, lemuel_fruit_fields
Swamp:1:  cheibrodos_swamp_tower_of_moss, nicolae_swamp_fairy_circle
Orc:1:    uniq_harold, uniq_fannar, uniq_erica
Orc:2:    st_orc_rangers, mines4_lemuel
Ossuary:  ossuary_minmay_scorpions

Table legend:
 A = Turns spent in this place as a percentage of turns spent in the entire game.
 B = Non-inter-level travel turns spent in this place as a percentage of non-inter-level travel turns spent in the entire game.
 C = Inter-level travel turns spent in this place as a percentage of turns spent in this place.
 D = Turns resting spent in this place as a percentage of non-inter-level travel turns spent in this place.
 E = Turns spent auto-exploring this place as a percentage of non-inter-level travel turns spent in this place.
 F = Non-inter-level travel turns spent in this place divided by the number of levels of this place that you've seen.
                   A       B       C       D       E      F
               +-------+-------+-------+-------+-------+----------------------
         Total | 100.0 | 100.0 |   4.7 |   8.6 |  56.6 | 1016.7
       Dungeon |  55.8 |  55.5 |   5.3 |   9.7 |  58.9 | 977.6
        Temple |   0.9 |   0.8 |  14.1 |   0.0 |  99.0 | 207.0
          Lair |  31.2 |  31.3 |   4.4 |   4.3 |  56.7 | 1379.3
         Swamp |   3.8 |   3.9 |   0.1 |  38.3 |  35.6 | 1042.0
  Orcish Mines |   6.1 |   6.1 |   4.6 |   5.7 |  53.8 | 812.0
       Ossuary |   2.2 |   2.3 |   0.0 |   0.0 |  29.6 | 621.0
               +-------+-------+-------+-------+-------+----------------------

Table legend:
 A = Kills in this place as a percentage of kills in entire the game.
 B = Kills by you in this place as a percentage of kills by you in the entire game.
 C = Kills by friends in this place as a percentage of kills by friends in the entire game.
 D = Other kills in this place as a percentage of other kills in the entire game.
 E = Experience gained in this place as a percentage of experience gained in the entire game.
 F = Experience gained in this place divided by the number of levels of this place that you have seen.
                   A       B       C       D       E      F
               +-------+-------+-------+-------+-------+----------------------
         Total | 100.0 | 100.0 | 100.0 | 100.0 | 100.0 | 6299.6
       Dungeon |  56.2 |  56.8 |   0.0 |   0.0 |  44.0 | 4800.1
          Lair |  25.3 |  25.1 | 100.0 |   0.0 |  37.3 | 10183.2
         Swamp |   1.8 |   1.8 |   0.0 |   0.0 |   7.1 | 11616.0
  Orcish Mines |  13.0 |  12.7 |   0.0 |  80.0 |  11.0 | 9022.5
       Ossuary |   3.7 |   3.6 |   0.0 |  20.0 |   0.6 | 1028.0
               +-------+-------+-------+-------+-------+----------------------
